 Dungeon Crawl Stone Soup version 0.29.1-15-g9cfb28693d (webtiles) character file.

Game seed: 13363119308349268883

70 Peloso the Covered (level 4, -2/40 HPs)
             Began as a Minotaur Fighter on Apr 20, 2023.
             Slain by Crazy Yiuf
             ... wielding a +4 quarterstaff of chaos
              (12 damage)
             ... on level 3 of the Dungeon.
             The game lasted 00:03:13 (2496 turns).

Peloso the Covered (Minotaur Fighter)               Turns: 2496, Time: 00:03:13

Health: -2/40      AC:  7    Str: 21    XL:     4   Next: 3%
Magic:  3/3        EV:  9    Int:  5    God:
Gold:   176        SH:  4    Dex: 11    Spells: 3/3 levels left

rFire   . . .      SeeInvis .   a - +1 long sword
rCold   . . .      Faith    .   c - +0 buckler
rNeg    . . .      Spirit   .   b - +0 scale mail
rPois   .          Reflect  .   (helmet restricted)
rElec   .          Harm     .   (no cloak)
rCorr   .          Rampage  .   (no gloves)
Will    .....                   (no boots)
Stlth   ..........              (no amulet)
HPRegen 0.13/turn               (no ring)
MPRegen 0.08/turn               (no ring)

@: lethally poisoned (-2 -> -11)
A: horns 2, retaliatory headbutt
a: no special abilities


You were on level 3 of the Dungeon.
You visited 1 branch of the dungeon, and saw 3 of its levels.

You collected 176 gold pieces.

Inventory:

Hand Weapons
 a - a +1 long sword (weapon)
Armour
 b - a +0 scale mail (worn)
 c - a +0 buckler (worn)
Jewellery
 j - a ring of ice
 n - an amulet of magic regeneration
Scrolls
 g - a scroll of torment {unknown}
 h - a scroll of acquirement {unknown}
 i - a scroll of blinking
 k - a scroll of immolation {unknown}
 l - 2 scrolls of identify {unknown}
Potions
 d - a potion of might
 e - a potion of resistance {unknown}
 f - a potion of attraction {unknown}
 m - a potion of lignification {unknown}


   Skills:
 + Level 4.0 Fighting
 + Level 3.0 Long Blades
 + Level 4.7 Armour
 + Level 1.1 Dodging
 + Level 4.1 Shields


You had 3 spell levels left.
You didn't know any spells.
Your spell library contained the following spells:

 Spells                   Type           Power      Damage    Failure   Level
 Sublimation of Blood     Necr           0%         N/A       95%         2
 Wereblood                Tmut           0%         N/A       95%         2
 Summon Hydra             Summ           0%         N/A       100%        7


Dungeon Overview and Level Annotations

Branches:
Dungeon (3/15)

Altars:

Shops:
D:2 [   D:3 =

Annotations:
D:3 Crazy Yiuf


Innate Abilities, Weirdness & Mutations

You have a pair of horns on your head.
You reflexively headbutt those who attack you in melee.


Message History

You completely miss the ball python. Your headbutt misses the ball python.
The ball python bites you but does no damage.
The ball python grabs you. The ball python constricts you.
You barely miss the ball python. You headbutt the ball python.
You kill the ball python!
You see here a ball python corpse.
You now have 176 gold pieces (gained 10).
You see here a +0 leather armour.
You see here a +0 dagger.
You see here a +0 dagger.
Partly explored, can't reach some places.
Partly explored, can't reach some places.
Partly explored, can't reach some places.
Partly explored, can't reach some places.
You hit the fungus.
The fungus begins to die.
The fungus is lightly damaged.
You hit the fungus.
The fungus begins to die.
The fungus is lightly damaged.
You hit the fungus but do no damage.
The fungus begins to die.
You headbutt the fungus!
The fungus is lightly damaged.
A nearby fungus withers and dies.
A nearby fungus withers and dies.
Found a runed translucent door.
A nearby fungus withers and dies.
Crazy Yiuf shouts!
You open the door. You closely miss Crazy Yiuf.
Crazy Yiuf hits you with a +4 quarterstaff of chaos.
You closely miss Crazy Yiuf.
Crazy Yiuf hits you with a +4 quarterstaff of chaos. x2
You hit Crazy Yiuf.
Crazy Yiuf is moderately wounded.
Crazy Yiuf hits you with a +4 quarterstaff of chaos!
You are poisoned.
You hit Crazy Yiuf. You headbutt Crazy Yiuf.
Crazy Yiuf is heavily wounded.
* * * LOW HITPOINT WARNING * * *
You feel very sick.
Crazy Yiuf hits you with a +4 quarterstaff of chaos!
You die...

......#
#....#######.#
####### ##..##
#.#
.###########
#P...#
####.#######
.#.........#
#.P.##
#...........
.#.........#
##.##
###...†.....
...........#
#.##
#.........
.#.........#
##.#
#.........
.#.........#
#.##
#.........
##....(....#
##@#
#.........
...........#
#g# ##########
##.........#
... #########
#.........#
#...#
#.......#
#.........#
#..)#
#.......#
############
#####
#.......# .#
#.......# .#
### ##.......#
.### ##.#
#........#


You could see Crazy Yiuf.

Vanquished Creatures
  2 adders
  A worm (D:2)
  A dart slug (D:1)
  4 endoplasms
  2 giant cockroaches (D:2)
  3 goblins
  3 hobgoblins
  3 jackals (D:1)
  7 kobolds
  2 quokkas
  7 ball pythons
  4 bats
  3 frilled lizards (D:1)
  3 rats (D:1)
45 creatures vanquished.

Vanquished Creatures (others)
  3 fungi (D:3)
3 creatures vanquished.

Grand Total: 48 creatures vanquished

Notes
Turn   | Place    | Note
-------+----------+-------------------------------------------
     0 | D:1      | Peloso the Minotaur Fighter began the quest for the Orb.
     0 | D:1      | Reached XP level 1. HP: 19/19 MP: 0/0
   153 | D:1      | Found a faded altar of an unknown god.
   184 | D:1      | Reached XP level 2. HP: 26/27 MP: 1/1
  1000 | D:2      | Reached XP level 3. HP: 30/33 MP: 2/2
  1692 | D:2      | Found Sycyraube's Antique Armour Boutique.
  1940 | D:3      | Reached skill level 1 in Dodging
  2276 | D:3      | Found Sevytaq's Jewellery Emporium.
  2325 | D:3      | Reached XP level 4. HP: 40/40 MP: 3/3
  2488 | D:3      | Found a runed translucent door.
  2489 | D:3      | Noticed Crazy Yiuf
  2496 | D:3      | Slain by Crazy Yiuf

Illustrated notes

Levels and vault maps discovered:
D:1:      reono_arrival_mine, layout_basic, ebering_ecumenical_altar_abandoned
D:2:      layout_basic, serial_shops, shop
D:3:      layout_basic, serial_shops, shop, uniq_crazy_yiuf_cottage

Skill      XL: |  1  2  3 |
---------------+----------+-----
Armour         | 4 |  4.7
Shields        | 4 |  4.1
Fighting       | 4 |  4.0
Dodging        | 1 |  1.1
Long Blades    | 3 |  3.0

Action                   |  1- 3 |  4- 6 || total
-------------------------+-------+-------++-------
Melee: Long sword        |   106 |    10 ||   116
       Headbutt          |     8 |     3 ||    11
  Use: Scroll            |     3 |       ||     3
Armor: Scale mail        |    55 |     1 ||    56
Dodge: Dodged            |    53 |       ||    53
Block: Buckler           |    23 |       ||    23
